 Dungeon Crawl Stone Soup version 0.31-a0-167-g1c394c0614 (webtiles) character file.

Game seed: 407530204430997188

2263 qw the Skirmisher (level 9, -8/82 HPs)
             Began as a Naga Hunter on June 14, 2023.
             Was an Initiate of Okawaru.
             Mangled by a yak (9 damage)
             ... on level 8 of the Dungeon.
             The game lasted 00:02:17 (7366 turns).

qw the Skirmisher (Naga Hunter)                     Turns: 7366, Time: 00:02:17

Health: -8/82      AC:  8    Str: 14    XL:     9   Next: 38%
Magic:  9/10       EV: 11    Int: 10    God:    Okawaru [......]
Gold:   454        SH:  0    Dex: 18    Spells: 8/8 levels left

rFire   . . .        Y - +1 shortbow
rCold   . . .        (shield currently unavailable)
rNeg    . . .        c - +0 leather armour
rPois   +            (no helmet)
rElec   .            b - scarf {repulsion}
rCorr   .            (no gloves)
SInv    +            (no barding)
Will    ++...        (no amulet)
Stlth   ++           g - ring of willpower
HPRegen 0.33/turn    j - +4 ring of protection
MPRegen 0.12/turn

%: repel missiles
@: about to teleport, very slow
A: AC +3, large, see invisible, deformed body, poison resistance, slowness 2,
spit poison 1, naga tail 1
a: Spit Poison, Renounce Religion


You were on level 8 of the Dungeon.
You worshipped Okawaru.
Okawaru was noncommittal.
You visited 2 branches of the dungeon, and saw 9 of its levels.

You collected 454 gold pieces.


Innate Abilities, Weirdness & Mutations

Your serpentine skin is tough. (AC +3)
You have supernaturally acute eyesight. (SInv)
Armour fits poorly on your strangely shaped body.
Your system is resistant to poisons. (rPois)
You cover ground very slowly.
You can spit poison.
You have a snake-like lower body.


   Skills:
 - Level 6.1 Fighting
 + Level 9.8 Ranged Weapons
 - Level 3.3 Dodging
 - Level 1.5 Stealth
 - Level 1.7 Invocations


You had 8 spell levels left.
You didn't know any spells.
Your spell library was empty.

Inventory:

Hand Weapons
 Y - a +1 shortbow (weapon)
Armour
 a - a +0 cloak
 b - a scarf of repulsion (worn)
 c - a +0 leather armour (worn)
Jewellery
 g - a ring of willpower (left hand)
 j - a +4 ring of protection (right hand)
Scrolls
 i - 2 scrolls of identify
Potions
 d - a potion of curing
 e - a potion of mutation {unknown}

Dungeon Overview and Level Annotations

Branches:
Dungeon (8/15)             Temple (1/1) D:5
   Lair: D:8-11

Altars:
Ashenzari
Cheibriados
Dithmenos
Elyvilon
Fedhas
Gozag
Hepliaklqana
Kikubaaqudgha
Nemelex Xobeh
Okawaru
Ru
Sif Muna
Trog
Uskayaw
Vehumet
Wu Jian
Xom
Yredelemnul
Zin


Message History

You shoot an arrow.
The arrow hits the yak but does no damage.
The yak is lightly wounded.
The yak closely misses you. x2
You shoot an arrow. The arrow hits the yak.
The yak is moderately wounded.
The yak barely misses you. The yak gores you but does no damage.
You shoot an arrow. The arrow hits the yak!
The yak is heavily wounded.
The yak barely misses you. The yak misses you.
You shoot an arrow. The arrow hits the yak.
The yak is heavily wounded.
You have got your breath back.
7360 ||| INVOKING Spit Poison.
Aiming: Spit Poison (1% risk of failure)
Press: ? - help, Shift-Dir - straight line, f/p - yak The splash of poison hits the yak.
The yak is poisoned.
The yak is heavily wounded.
The yak barely misses you. The yak closely misses you.
You shoot an arrow. The arrow hits the yak!
The yak is severely wounded.
The yak barely misses you. The yak closely misses you.
You shoot an arrow. The arrow closely misses the yak.
The yak gores you. The yak gores you but does no damage.
You shoot an arrow. The arrow barely misses the yak.
The yak gores you! The yak closely misses you.
7364 ||| READING scroll of teleportation.
As you read the scroll of teleportation, it crumbles to dust.
You feel strangely unstable.
You feel like a meek peon again. The yak misses you. The yak gores you.
You shoot an arrow. The arrow hits the yak.
The yak is almost dead.
The yak gores you. x2
You shoot an arrow.
The arrow hits the yak but does no damage.
The yak is almost dead.
You have got your breath back.
The yak closely misses you. The yak gores you!
You die...

........<####^#
###......####.#
#..#.##......#######
.... #.
###....#....<#
.##.#.####.##.#.#####
...#.#....##.#.# .
#...#.#####.#.### ...
.YY#.###...#...#
#..#.#@..###.###.#
#....YY.%....###.#
#.###Y##.........#
....###########
..#!... #.. ...... ..
~..#..}} # #+8#''.)#.
.8}$.}~..#


You could see 3 yaks.

Vanquished Creatures
  Prince Ribbit (D:8)
  2 yaks (D:8)
  Duvessa (D:6)
  2 black bears (D:4)
  2 ogres
  A centaur (D:7)
  A phantom (D:5)
  5 scorpions
  4 wights (D:7)
  Dowan (D:6)
  3 jellies (D:6)
  3 orc priests
  4 hounds
  3 iguanas
  A sleepcap (D:5)
  2 orc wizards
  6 adders
  3 gnolls (D:3)
  2 shadow imps (D:6)
  A white imp (D:7)
  An ufetubus (D:6)
  2 worms
  3 dart slugs
  9 orcs
  8 ball pythons
  8 endoplasms
  4 giant cockroaches
  4 hobgoblins (D:1)
  2 quokkas
  3 bats
  3 frilled lizards
  2 goblins (D:1)
  11 kobolds
  5 rats
113 creatures vanquished.

Notes
Turn   | Place    | Note
-------+----------+-------------------------------------------
     0 | D:1      | qw the Naga Hunter began the quest for the Orb.
     0 | D:1      | Reached XP level 1. HP: 19/19 MP: 1/1
     0 | D:1      | 0 ||| qw: Version: 0.2-a-29-g1fa15c8
     0 | D:1      | 0 ||| qw: Game counter: 5153
     0 | D:1      | 0 ||| qw: Always use a shield: true
     0 | D:1      | 0 ||| qw: God list: Okawaru
     0 | D:1      | 0 ||| qw: Allow faded altars: false
     0 | D:1      | 0 ||| qw: Do Orc after D:15 true
     0 | D:1      | 0 ||| qw: Do second Lair branch before Depths: true
     0 | D:1      | 0 ||| qw: Lair rune preference: random
     0 | D:1      | 0 ||| qw: Plans: Normal
     0 | D:1      | 0 ||| PLANNING D:1-11
     9 | D:1      | 9 ||| INVOKING Spit Poison.
    14 | D:1      | 14 ||| INVOKING Spit Poison.
    19 | D:1      | 19 ||| INVOKING Spit Poison.
    20 | D:1      | Reached skill level 4 in Ranged Weapons
    20 | D:1      | Reached XP level 2. HP: 13/26 MP: 2/2
    89 | D:1      | 89 ||| INVOKING Spit Poison.
    93 | D:1      | 93 ||| INVOKING Spit Poison.
   118 | D:1      | 118 ||| INVOKING Spit Poison.
   142 | D:1      | 142 ||| INVOKING Spit Poison.
   197 | D:1      | 197 ||| INVOKING Spit Poison.
   203 | D:1      | 203 ||| INVOKING Spit Poison.
   214 | D:1      | 214 ||| INVOKING Spit Poison.
   232 | D:1      | 232 ||| INVOKING Spit Poison.
   234 | D:1      | Reached XP level 3. HP: 32/32 MP: 3/3
   259 | D:1      | 259 ||| INVOKING Spit Poison.
   290 | D:1      | 290 ||| INVOKING Spit Poison.
   304 | D:1      | 304 ||| INVOKING Spit Poison.
   660 | D:1      | 660 ||| INVOKING Spit Poison.
   664 | D:1      | 664 ||| INVOKING Spit Poison.
   821 | D:1      | 821 ||| UPGRADING to amulet of guardian spirit.
   826 | D:1      | 826 ||| READING scroll labelled ZEKIHY HUABAEL.
   827 | D:1      | 827 ||| READING scroll labelled PIRYOM QYQYKH.
   828 | D:1      | 828 ||| DROPPING scroll of butterflies.
   906 | D:2      | 906 ||| INVOKING Spit Poison.
  1188 | D:2      | 1188 ||| INVOKING Spit Poison.
  1194 | D:2      | 1194 ||| INVOKING Spit Poison.
  1200 | D:2      | HP: 7/32 [kobold/+1 short sword of flaming (2)]
  1201 | D:2      | 1201 ||| INVOKING Spit Poison.
  1306 | D:2      | 1306 ||| INVOKING Spit Poison.
  1312 | D:2      | 1312 ||| INVOKING Spit Poison.
  1317 | D:2      | 1317 ||| INVOKING Spit Poison.
  1416 | D:2      | 1416 ||| INVOKING Spit Poison.
  1419 | D:2      | 1419 ||| INVOKING Spit Poison.
  1489 | D:2      | 1489 ||| INVOKING Spit Poison.
  1501 | D:2      | 1501 ||| INVOKING Spit Poison.
  1503 | D:2      | Reached skill level 5 in Ranged Weapons
  1503 | D:2      | Reached XP level 4. HP: 39/39 MP: 4/4
  1906 | D:2      | 1906 ||| INVOKING Spit Poison.
  1913 | D:2      | 1913 ||| INVOKING Spit Poison.
  1981 | D:2      | 1981 ||| UPGRADING to scarf of repulsion.
  1986 | D:2      | 1986 ||| READING 2 scrolls labelled MABLIZ FURY.
  1987 | D:2      | 1987 ||| DROPPING scroll of fog.
  2068 | D:3      | Found a shadowy altar of Dithmenos.
  2129 | D:3      | 2129 ||| INVOKING Spit Poison.
  2258 | D:3      | 2258 ||| INVOKING Spit Poison.
  2262 | D:3      | 2262 ||| INVOKING Spit Poison.
  2263 | D:3      | 2263 ||| INVOKING Spit Poison.
  2277 | D:3      | Found a broken altar of Ashenzari.
  2304 | D:3      | 2304 ||| INVOKING Spit Poison.
  2307 | D:3      | 2307 ||| INVOKING Spit Poison.
  2422 | D:3      | Found a faded altar of an unknown god.
  2635 | D:3      | 2635 ||| INVOKING Spit Poison.
  2649 | D:3      | Found a shimmering blue altar of Sif Muna.
  2659 | D:3      | Found a snail-covered altar of Cheibriados.
  2681 | D:3      | 2681 ||| INVOKING Spit Poison.
  2687 | D:3      | 2687 ||| INVOKING Spit Poison.
  2693 | D:3      | 2693 ||| INVOKING Spit Poison.
  2694 | D:3      | Reached skill level 3 in Fighting
  2697 | D:3      | 2697 ||| INVOKING Spit Poison.
  2698 | D:3      | Reached XP level 5. HP: 49/49 MP: 5/5
  2716 | D:3      | 2716 ||| INVOKING Spit Poison.
  2719 | D:3      | 2719 ||| INVOKING Spit Poison.
  2979 | D:3      | Found an ancient bone altar of Kikubaaqudgha.
  3045 | D:4      | 3045 ||| INVOKING Spit Poison.
  3057 | D:4      | Noticed a black bear
  3059 | D:4      | 3059 ||| INVOKING Spit Poison.
  3063 | D:4      | 3063 ||| INVOKING Spit Poison.
  3066 | D:4      | Killed a black bear
  3067 | D:4      | Reached skill level 6 in Ranged Weapons
  3070 | D:4      | Reached XP level 6. HP: 29/56 MP: 4/6
  3097 | D:4      | 3097 ||| INVOKING Spit Poison.
  3246 | D:4      | 3246 ||| INVOKING Spit Poison.
  3282 | D:4      | 3282 ||| INVOKING Spit Poison.
  3402 | D:4      | 3402 ||| INVOKING Spit Poison.
  3405 | D:4      | 3405 ||| INVOKING Spit Poison.
  3467 | D:4      | 3467 ||| INVOKING Spit Poison.
  3570 | D:4      | 3570 ||| INVOKING Spit Poison.
  3579 | D:4      | Noticed a black bear
  3582 | D:4      | 3582 ||| INVOKING Spit Poison.
  3585 | D:4      | Killed a black bear
  3699 | D:4      | 3699 ||| INVOKING Spit Poison.
  3703 | D:4      | Reached XP level 7. HP: 66/66 MP: 7/7
  3914 | D:4      | 3914 ||| READING 2 scrolls labelled ASTIWE IWANEID.
  3915 | D:4      | 3915 ||| READING 2 scrolls labelled WIR LIT DEOXUS.
  3918 | D:4      | 3918 ||| READING scroll labelled FUIJAQINIU.
  3919 | D:4      | 3919 ||| DROPPING scroll of blinking.
  3941 | D:5      | Entered Level 5 of the Dungeon
  3948 | D:5      | 3948 ||| INVOKING Spit Poison.
  3952 | D:5      | 3952 ||| INVOKING Spit Poison.
  3955 | D:5      | 3955 ||| INVOKING Spit Poison.
  4001 | D:5      | 4001 ||| INVOKING Spit Poison.
  4004 | D:5      | 4004 ||| INVOKING Spit Poison.
  4007 | D:5      | 4007 ||| INVOKING Spit Poison.
  4010 | D:5      | Reached skill level 7 in Ranged Weapons
  4012 | D:5      | 4012 ||| INVOKING Spit Poison.
  4053 | D:5      | 4053 ||| INVOKING Spit Poison.
  4057 | D:5      | 4057 ||| INVOKING Spit Poison.
  4162 | D:5      | 4162 ||| INVOKING Spit Poison.
  4169 | D:5      | 4169 ||| INVOKING Spit Poison.
  4174 | D:5      | 4174 ||| INVOKING Spit Poison.
  4180 | D:5      | 4180 ||| INVOKING Spit Poison.
  4187 | D:5      | 4187 ||| INVOKING Spit Poison.
  4315 | D:5      | 4315 ||| INVOKING Spit Poison.
  4316 | D:5      | 4316 ||| INVOKING Spit Poison.
  4365 | D:5      | Found a staircase to the Ecumenical Temple.
  4366 | D:5      | 4366 ||| PLANNING TEMPLE
  4366 | D:5      | 4366 ||| DRINKING 3 emerald potions.
  4367 | D:5      | 4367 ||| DROPPING 2 potions of attraction.
  4373 | Temple   | Entered the Ecumenical Temple
  4416 | Temple   | 4416 ||| PLANNING OKAWARU WORSHIP
  4549 | Temple   | Became a worshipper of Warmaster Okawaru
  4550 | Temple   | 4550 ||| PLANNING D:1-11
  4550 | Temple   | 4550 ||| REMOVING amulet of guardian spirit.
  4555 | Temple   | 4555 ||| DROPPING amulet of guardian spirit.
  4600 | D:5      | 4600 ||| INVOKING Spit Poison.
  4604 | D:5      | 4604 ||| INVOKING Spit Poison.
  4817 | D:5      | Reached XP level 8. HP: 65/73 MP: 8/8
  4967 | D:5      | 4967 ||| READING scroll labelled XUEKAILOAC.
  4968 | D:5      | 4968 ||| READING 3 scrolls of identify.
  4968 | D:5      | 4968 ||| IDENTIFYING purple potion
  4969 | D:5      | 4969 ||| READING 2 scrolls of identify.
  4969 | D:5      | 4969 ||| IDENTIFYING fizzy grey potion
  4970 | D:5      | 4970 ||| DROPPING potion of berserk rage.
  5004 | D:6      | 5004 ||| INVOKING Spit Poison.
  5074 | D:6      | 5074 ||| INVOKING Spit Poison.
  5078 | D:6      | 5078 ||| INVOKING Spit Poison.
  5079 | D:6      | Reached skill level 8 in Ranged Weapons
  5128 | D:6      | 5128 ||| INVOKING Spit Poison.
  5133 | D:6      | 5133 ||| INVOKING Spit Poison.
  5189 | D:6      | 5189 ||| INVOKING Spit Poison.
  5258 | D:6      | 5258 ||| INVOKING Spit Poison.
  5458 | D:6      | 5458 ||| INVOKING Spit Poison.
  5458 | D:6      | Reached * piety under Okawaru
  5501 | D:6      | 5501 ||| INVOKING Heroism.
  5502 | D:6      | 5502 ||| INVOKING Heroism.
  5525 | D:6      | Noticed Duvessa
  5525 | D:6      | Noticed Dowan
  5526 | D:6      | 5526 ||| INVOKING Spit Poison.
  5531 | D:6      | 5531 ||| INVOKING Spit Poison.
  5538 | D:6      | 5538 ||| INVOKING Spit Poison.
  5538 | D:6      | HP: 13/74 [Dowan/puff of frost (10)]
  5539 | D:6      | 5539 ||| READING 2 scrolls of teleportation.
  5540 | D:6      | 5540 ||| DRINKING potion of heal wounds.
  5543 | D:6      | Killed Duvessa
  5545 | D:6      | 5545 ||| INVOKING Heroism.
  5546 | D:6      | 5546 ||| INVOKING Spit Poison.
  5547 | D:6      | Killed Dowan
  5962 | D:6      | 5962 ||| UPGRADING to ring of willpower.
  5963 | D:6      | 5963 ||| READING scroll labelled WIUBRI RUGYNEU.
  5964 | D:6      | 5964 ||| READING scroll labelled MEUMAIH EROTO.
  5965 | D:6      | 5965 ||| READING 2 scrolls of identify.
  5965 | D:6      | 5965 ||| IDENTIFYING bubbling clear potion
  6172 | D:7      | Reached skill level 9 in Ranged Weapons
  6436 | D:7      | 6436 ||| INVOKING Spit Poison.
  6439 | D:7      | HP: 15/74 [wight/+0 mace (8)]
  6440 | D:7      | 6440 ||| READING 2 scrolls of teleportation.
  6442 | D:7      | Reached skill level 6 in Fighting
  6444 | D:7      | 6444 ||| INVOKING Spit Poison.
  6671 | D:7      | 6671 ||| INVOKING Spit Poison.
  6673 | D:7      | Reached XP level 9. HP: 71/82 MP: 9/9
  6679 | D:7      | 6679 ||| INVOKING Spit Poison.
  6686 | D:7      | 6686 ||| INVOKING Spit Poison.
  6991 | D:7      | 6991 ||| INVOKING Spit Poison.
  6994 | D:7      | 6994 ||| INVOKING Spit Poison.
  6999 | D:7      | 6999 ||| INVOKING Spit Poison.
  7002 | D:7      | 7002 ||| INVOKING Spit Poison.
  7184 | D:7      | 7184 ||| INVOKING Spit Poison.
  7189 | D:7      | Reached skill level 3 in Dodging
  7217 | D:7      | 7217 ||| UPGRADING to +4 ring of protection.
  7218 | D:7      | 7218 ||| READING scroll labelled EMALIS QOKAYFI.
  7219 | D:7      | 7219 ||| READING scroll labelled IPOMEXK QALUSOYL.
  7256 | D:8      | Noticed Prince Ribbit
  7257 | D:8      | 7257 ||| INVOKING Heroism.
  7258 | D:8      | 7258 ||| INVOKING Spit Poison.
  7263 | D:8      | Killed Prince Ribbit
  7264 | D:8      | Reached skill level 1 in Invocations
  7317 | D:8      | 7317 ||| INVOKING Spit Poison.
  7325 | D:8      | 7325 ||| INVOKING Spit Poison.
  7327 | D:8      | 7327 ||| INVOKING Heroism.
  7328 | D:8      | 7328 ||| Stepping ~*~*~tactically~*~*~ (outnumbered).
  7333 | D:8      | 7333 ||| INVOKING Spit Poison.
  7341 | D:8      | 7341 ||| INVOKING Spit Poison.
  7346 | D:8      | 7346 ||| INVOKING Heroism.
  7350 | D:8      | 7350 ||| INVOKING Spit Poison.
  7360 | D:8      | 7360 ||| INVOKING Spit Poison.
  7363 | D:8      | HP: 15/82 [yak (7)]
  7364 | D:8      | 7364 ||| READING scroll of teleportation.
  7365 | D:8      | HP: 7/82 [yak (5)]
  7365 | D:8      | HP: 1/82 [yak (6)]
  7366 | D:8      | Mangled by a yak

Levels and vault maps discovered:
D:1:      kennysheep_arrival_seaside, layout_basic,
          minmay_misc_feat_four_crosses
D:2:      layout_basic, serial_corexii_hall, corexii_hall_statues_x,
          corexii_hall_statues_t, nrook_uturn
D:3:      layout_basic, ashenzari_conservatory_becter,
          nicolae_overflow_quartered_altars,
          shapermc_ecumenical_altar_mp_vishouse, minmay_misc_feat_cross
D:4:      layout_basic
D:5:      layout_loops_ring, minmay_temple_entry_gardened_gates,
          nicolae_figureground_sparkle
D:6:      layout_gridville, uniq_duvessa
D:7:      layout_loops_cross, minivault_19, minmay_misc_feat_hallway,
          minmay_misc_feat_more_columns, kennysheep_generic_room_9
D:8:      layout_basic, mainiacjoe_overflow_alcove_1, ebering_ghost_rock_garden,
          minmay_guarded_unrand_variability, uniq_prince_ribbit1
Temple:   nicolae_temple_bog_church

Skill      XL: |  1  2  3  4  5  6  7  8  9 |
---------------+----------------------------+-----
Ranged Weapons | 4 5 6 7 9 |  9.8
Fighting       | 3 4 6 |  6.1
Dodging        | 2 3 |  3.3
Invocations    | 1 |  1.7
Stealth        | |  1.5

Action                     |  1- 3 |  4- 6 |  7- 9 || total
---------------------------+-------+-------+-------++-------
   Fire: Shortbow          |    85 |    74 |   244 ||   403
 Invoke: Heroism           |       |       |     5 ||     5
Ability: Spit Poison       |    27 |    26 |    46 ||    99
    Use: Scroll            |     2 |     1 |    14 ||    17
         Potion            |       |       |     2 ||     2
 Armour: Leather armour    |     7 |     5 |    46 ||    58
  Dodge: Dodged            |    27 |    12 |   103 ||   142
         Repelled          |       |     1 |     1 ||     2

Table legend:
 A = Non-vault XP
 B = Vault XP
 C = Vault XP percentage of total XP
 D = Non-vault monster count
 E = Vault monster count
 F = Vault count percentage of total count
                 A         B        C        D         E       F
            +---------+---------+-------+---------+---------+-------
      Total |    2735 |     498 |  15.4 |     109 |       4 |   3.5
            +---------+---------+-------+---------+---------+-------
        D:1 |      51 |       0 |   0.0 |      28 |       0 |   0.0
        D:2 |      58 |       0 |   0.0 |      12 |       0 |   0.0
        D:3 |      78 |       0 |   0.0 |      16 |       0 |   0.0
        D:4 |     442 |       0 |   0.0 |      12 |       0 |   0.0
        D:5 |     683 |       0 |   0.0 |      15 |       0 |   0.0
        D:6 |     512 |     199 |  28.0 |      13 |       2 |  13.3
        D:7 |     499 |      40 |   7.4 |      11 |       1 |   8.3
        D:8 |     412 |     259 |  38.6 |       2 |       1 |  33.3
            +---------+---------+-------+---------+---------+-------
